 Dungeon Crawl Stone Soup version 0.29.1-12-g30fa7ad0bf (webtiles) character file.

Game seed: 13278964434888983682

0 wormed the Magician (level 1, 0/15 HPs)
             Began as a Djinni Fire Elementalist on Dec 22, 2022.
             Slain by a kobold
             ... wielding a +0 short sword
              (1 damage)
             ... on level 1 of the Dungeon.
             The game lasted 00:00:39 (40 turns).

wormed the Magician (Djinni Fire Elementalist)        Turns: 40, Time: 00:00:40

Health: 0/15       AC:  2    Str:  7    XL:     1   Next: 0%
Gold:   0          EV: 12    Int: 16    God:
                   SH:  0    Dex: 13

rFire   + + .      SeeInvis .   (no weapon)
rCold   x . .      Faith    .   (no shield)
rNeg    . . .      Spirit   .   a - +0 robe
rPois   ∞          Reflect  .   (no helmet)
rElec   .          Harm     .   (no cloak)
rCorr   .          Rampage  .   (no gloves)
Will    .....                   (boots unavailable)
Stlth   ++........              (no amulet)
HPRegen 0.05/turn               (no ring)
MPRegen 0.00/turn               (no ring)

@: flying
A: sickness immunity, fire resistance 2, cold vulnerability 1, float, innate
caster, HP casting, extra vitality 1
a: no special abilities


You were on level 1 of the Dungeon.
You visited 1 branch of the dungeon, and saw 1 of its levels.

Inventory:

Armour
 a - a +0 robe (worn)


   Skills:
 + Level 0.0 Fighting
 - Level 2.1 Dodging
 - Level 1.5 Stealth
 + Level 2.4 Spellcasting


You couldn't memorise any spells.
You knew the following spells:

 Your Spells              Type           Power      Damage    Failure   Level
a - Foxfire               Conj/Fire      36%        2x1d5     8%          1
b - Scorch                Fire           18%        2d5       11%         2
c - Conjure Flame         Conj/Fire      9%         6-21      22%         3
d - Inner Flame           Hex/Fire       9%         N/A       22%         3
e - Flame Wave            Conj/Fire      9%         2d6       58%         4
Your spell library was empty.

Dungeon Overview and Level Annotations

Branches:
Dungeon (1/15)

Altars:


Innate Abilities, Weirdness & Mutations

You are immune to sickness and miasma.
You are immune to poison.
Your flesh is very heat resistant. (rF++)
You are vulnerable to cold. (rC-)
You float through the air rather than walking.
You learn spells naturally, not from books.
Your magical power is your life essence.
You have superior vitality. (+4 MHP)


Message History

The kobold hits you but does no damage. The kobold closely misses you.
The frilled lizard hisses angrily.
You hit the kobold.
The kobold is heavily wounded.
The jackal barely misses you. The jackal misses you.
The kobold hits you with a +0 short sword.
The kobold hits you but does no damage.
Your magical contamination has completely faded away.
Sorry, you're not good enough to have a special ability.
You hit the kobold.
The kobold is heavily wounded.
The jackal bites you. The kobold closely misses you.
The kobold hits you with a +0 short sword.
* * * LOW HITPOINT WARNING * * *
You miss the kobold.
The kobold is heavily wounded.
The jackal closely misses you. The kobold hits you but does no damage.
The kobold hits you with a +0 club.
* * * LOW HITPOINT WARNING * * *
You hit the kobold but do no damage.
The kobold is moderately wounded.
The jackal bites you.
* * * LOW HITPOINT WARNING * * *
The jackal bites you but does no damage.
A goblin comes into view. It is wielding a +0 dagger.
The kobold hits you but does no damage. The kobold misses you.
Unknown command.
Unknown command.
You miss the kobold.
The goblin shouts!
You punch the kobold, but do no damage.
The kobold is moderately wounded.
The jackal bites you.
* * * LOW HITPOINT WARNING * * *
The kobold barely misses you. The kobold closely misses you.
You miss the kobold.
The kobold is moderately wounded.
The jackal barely misses you. The jackal misses you.
The kobold hits you with a +0 short sword.
You die... ...?.. .... ...g ... lK#

......# #g#
#..)....# #K#
#.......#
#@###.......#
#Kh##...g...#
##hg#.......#
##.##.#...# #♣#
#...h.## ♣<♣#
####...# ♣..♣
#.#...#
#..♣############.#
...#
♣.♣##............#
....


You could see a gnoll, 2 jackals, a hobgoblin, a goblin, 3 kobolds and a frilled
lizard.

Vanquished Creatures (others)
  A foxfire (D:1)
1 creature vanquished.

Notes
Turn   | Place    | Note
-------+----------+-------------------------------------------
     0 | D:1      | wormed the Djinni Fire Elementalist began the quest for the
                  | Orb.
     0 | D:1      | wormed set off with the following spells memorised:
                  | Foxfire, Scorch, Conjure Flame, Inner Flame, Flame Wave.
     0 | D:1      | Reached XP level 1. HP: 15/15 MP: 0/0
    40 | D:1      | Slain by a kobold

Illustrated notes

Levels and vault maps discovered:
D:1:      pf_arrival_petrified_forest, layout_basic,
          shapermc_ecumenical_altar_acropolis, minmay_misc_feat_doors,
          patterned_corridor

Action                   || total
-------------------------++-------
Melee: Unarmed           ||    10
       Punch             ||     1
 Cast: Foxfire           ||     2
Armor: Robe              ||     8
Dodge: Dodged            ||    19
